Map: 暮色之塔

Players

Inkrusion - Winner!

  • Race: Protoss Protoss
  • League: Master

TheLuckyOne

  • Race: Zerg Zerg
  • League: Master

VOD

Have the link to the VOD?

Description

Time

  • Played on: Jan. 24, 2016, 10:07 a.m.
  • Length: 8:47
Show
View Real Time Build Order
Export as new Build Order

Inkrusion Protoss - Winner!

Build Orders: Nexus First 

Get SALT Encoding   

  12  0:01  Probe (Chrono Boost)  
  13  0:11  Probe (Chrono Boost)  
  14  0:19  Pylon  
  14  0:22  Probe (Chrono Boost)  
  15  0:37  Probe (Chrono Boost)  
  16  0:47  Probe (Chrono Boost)  
  17  1:03  Nexus  
  17  1:12  Gateway  
  17  1:14  Probe (Chrono Boost)  
  18  1:19  Assimilator  
  18  1:25  Assimilator  
  18  1:27  Probe (Chrono Boost)  
  19  1:38  Probe (Chrono Boost)  
  20  1:42  Gateway  
  20  1:49  Probe (Chrono Boost)  
  21  1:59  Cybernetics Core  
  21  2:02  Probe (Chrono Boost)  
  22  2:13  Probe (Chrono Boost)  
  23  2:16  Probe (Chrono Boost)  
  24  2:23  Probe (Chrono Boost)  
  24  2:27  Probe (Chrono Boost)  
  26  2:34  Probe (Chrono Boost)  
  26  2:36  Adept x2 (Chrono Boost), Warp Gate  
  31  2:46  Mothership Core (Chrono Boost)  
  33  2:52  Twilight Council  
  33  2:54  Probe (Chrono Boost)  
  34  3:01  Pylon  
  34  3:06  Probe (Chrono Boost)  
  35  3:16  Probe (Chrono Boost)  
  35  3:17  Probe (Chrono Boost)  
  37  3:24  Resonating Glaives (Chrono Boost)  
  37  3:25  Adept x2  
  37  3:26  Probe (Chrono Boost)  
  42  3:32  Pylon  
  42  3:39  Probe  
  42  3:41  Probe  
  43  3:42  Robotics Facility  
  44  4:00  Nexus  
  44  4:01  Probe x2  
  46  4:12  Probe  
  46  4:13  Probe  
  46  4:16  Gateway  
  48  4:18  Gateway  
  48  4:23  Pylon  
  49  4:29  Warp Prism (Chrono Boost)  
  50  4:35  Gateway  
  50  4:43  Gateway  
  50  4:47  Probe  
  50  4:48  Probe  
  50  4:49  Adept x2  
  50  4:51  Blink  
  56  4:59  Probe, Assimilator  
  57  5:00  Probe  
  57  5:04  Assimilator  
  58  5:11  Probe x2  
  58  5:12  Pylon  
  58  5:13  Probe  
  61  5:21  Pylon  
  61  5:23  Probe  
  62  5:31  Adept x3  
  62  5:32  Adept  
  62  5:34  Probe  
  62  5:35  Probe  
  68  5:52  Adept x2  
  68  5:53  Adept x3  
  76  6:03  Adept  
  76  6:05  Probe  
  76  6:06  Probe  
  76  6:07  Immortal (Chrono Boost)  
  76  6:08  Probe  
  83  6:15  Adept  
  83  6:16  Adept  
  85  6:25  Adept x4  
  81  6:35  Probe  
  81  6:36  Probe x2  
  82  6:48  Probe  
  82  6:49  Probe  
  82  6:51  Probe  
  81  6:56  Adept x2  
  81  6:57  Robotics Bay  
  75  7:11  Probe  
  75  7:12  Probe x2  
  75  7:14  Stalker x3  
  82  7:19  Gateway  
  82  7:20  Gateway  
  82  7:21  Probe  
  82  7:22  Immortal (Chrono Boost), Gateway  
  84  7:24  Probe  
  84  7:28  Probe  
  83  7:34  Stalker x3, Robotics Facility  
  87  7:39  Templar Archives  
  87  7:44  Adept x2  
  87  7:45  Adept  
  87  7:51  Pylon x2  
  93  8:07  Pylon  
  93  8:09  Disruptor (Chrono Boost)  
  93  8:10  Assimilator  
  96  8:13  Pylon  
  96  8:14  Assimilator  
  96  8:19  Adept  
  98  8:20  Adept x4  
  98  8:22  Stalker  
  108  8:34  Probe  
  108  8:35  Probe x2  
  111  8:46  Adept x3  
Show
View Real Time Build Order
Export as new Build Order

TheLuckyOne Zerg 

Build Orders: 3 Hatch before Pool 

Get SALT Encoding   

  12  0:01  Drone  
  13  0:08  Drone  
  14  0:17  Overlord  
  14  0:24  Drone, Extractor  
  15  0:37  Drone x2  
  17  0:53  Hatchery  
  17  0:56  Drone  
  17  0:59  Drone  
  18  1:21  Hatchery  
  17  1:33  Spawning Pool  
  17  1:36  Drone  
  17  1:39  Drone  
  18  1:42  Drone  
  18  1:46  Extractor  
  18  1:48  Drone  
  19  2:01  Drone  
  20  2:10  Drone  
  20  2:11  Drone  
  22  2:17  Drone  
  22  2:20  Queen  
  22  2:21  Queen  
  27  2:24  Drone  
  28  2:33  Queen  
  28  2:36  Zergling x2  
  31  2:37  Zergling x2  
  31  2:40  Zergling x2  
  33  2:44  Overlord  
  33  2:49  Zergling x2  
  34  2:52  Metabolic Boost  
  34  3:05  Drone x5  
  38  3:08  Drone  
  38  3:12  Drone  
  41  3:13  Drone  
  41  3:17  Overlord  
  42  3:33  Overlord x3  
  42  3:43  Lair, Overlord  
  42  3:44  Overlord  
  41  3:51  Drone  
  41  3:52  Drone x4  
  41  3:53  Drone  
  46  3:56  Drone  
  46  3:57  Drone  
  46  3:59  Drone  
  46  4:01  Drone  
  46  4:02  Drone  
  51  4:04  Drone  
  51  4:07  Drone  
  51  4:08  Drone  
  54  4:10  Drone  
  54  4:11  Drone  
  54  4:13  Drone  
  57  4:18  Roach Warren  
  57  4:20  Evolution Chamber  
  57  4:21  Drone  
  56  4:26  Evolution Chamber, Drone  
  56  4:27  Drone x2  
  56  4:29  Drone  
  59  4:31  Extractor  
  59  4:34  Drone  
  59  4:35  Drone  
  59  4:36  Drone x3  
  59  4:38  Extractor  
  62  4:41  Hydralisk Den  
  61  4:46  Zergling x8  
  61  4:47  Extractor, Zergling x2  
  61  4:48  Drone  
  61  4:50  Drone  
  61  4:51  Extractor  
  61  4:52  Drone, Extractor  
  66  4:54  Zerg Missile Weapons Level 1  
  66  4:56  Drone x2  
  68  5:04  Drone x4  
  72  5:07  Glial Reconstitution  
  72  5:15  Drone  
  72  5:16  Drone x8  
  81  5:22  Overlord  
  81  5:23  Overlord  
  81  5:32  Roach x2  
  77  5:38  Roach  
  77  5:39  Overlord, Roach x2  
  77  5:42  Roach x3  
  75  5:47  Roach  
  77  5:51  Roach  
  77  5:56  Hydralisk  
  73  6:03  Roach  
  63  6:15  Drone  
  63  6:17  Drone  
  63  6:18  Drone x3  
  54  6:27  Drone x2  
  54  6:29  Drone  
  55  6:33  Drone  
  55  6:39  Drone x3  
  50  6:54  Drone  
  44  7:07  Drone  
  41  7:15  Drone  
  41  7:20  Drone  
  41  7:22  Drone  
  43  7:24  Drone  
  43  7:29  Drone  
  45  7:33  Drone  
  45  7:34  Drone  
  47  7:41  Drone x2  
  49  7:46  Drone  
  49  7:47  Drone  
  49  7:49  Drone  
  53  7:51  Drone  
  53  7:53  Drone  
  53  7:55  Drone  
  56  7:58  Drone  
  56  7:59  Drone  
  56  8:03  Drone  
  56  8:04  Drone  
  59  8:06  Drone  
  59  8:10  Queen  
  62  8:18  Drone  
  65  8:20  Drone  
  65  8:21  Drone  
  65  8:22  Drone  
  65  8:24  Drone  
  65  8:25  Drone  
  65  8:26  Drone  
Tags
 
Add a new tag
Caveats
  • Supply blocks, unpowered buildings, or Contaminate may cause inaccurate times.
  • Supply counts are checked every 10 seconds.